AoeStats
← ASHBORN

Arena

509928482Analyzed
4v4 RM · 4d ago on Sep 28, 2026· 43m 40s· 8 players
Game mode
Random Map
Map size
Large (8 player)
Population
200
Speed
Normal
Resources
Standard
Victory
Conquest
Starting age
Dark Age
Ending age
Imperial Age
RankedLock teamsTeams togetherTeam positionsShared explorationLock speedFull tech treeHidden civsTurbo modeCheats
Victory
Defeat
🇨🇴 Khmer · Colombia
1214
+12
🇩🇪 Varangians · Germany
1152
+15
🇲🇽 Britons · Mexico
1148
+15
🇫🇷 Huns · France
1124
+16
🇮🇹 Bohemians · Italy
1190
-17
🇦🇷 Sicilians · Argentina
1129
-15
🇹🇼 Franks · Taiwan
1097
-13
🇹🇼 Cumans · Taiwan
1097
-13
Hastek
11:04 Feudal Age
14:51 Castle Age
13:02 Double-Bit Axe
14:54 Loom
15:44 Wheelbarrow
15:47 Bow Saw
15:30 Horse Collar
28:14 Fletching
32:41 Imperial Age
31:56 Hand Cart
33:54 Gold Mining
35:38 Ballistics
35:01 Crossbowman
35:46 Bodkin Arrow
36:16 Arbalester
37:02 Bracer
40:12 Chemistry
41:16 Gold Shaft Mining
40:59 Town Watch
ASHBORN
10:54 Feudal Age
15:00 Castle Age
14:19 Double-Bit Axe
14:15 Horse Collar
15:54 Wheelbarrow
16:55 Bow Saw
18:25 Stone Mining
23:25 Fletching
24:03 Bodkin Arrow
28:27 Imperial Age
27:08 Gold Mining
27:23 Crossbowman
28:29 Padded Archer Armor
29:29 Ballistics
28:33 Arbalester
30:34 Chemistry
29:54 Bracer
31:04 Leather Archer Armor
31:53 Gold Shaft Mining
32:07 Hand Cart
32:56 Ring Archer Armor
34:00 Conscription
35:52 Loom
38:45 Town Watch
40:22 Town Patrol
KissMyAxe
9:52 Feudal Age
14:13 Castle Age
13:01 Double-Bit Axe
13:05 Horse Collar
19:32 Wheelbarrow
19:46 Loom
20:25 Bow Saw
21:15 Gold Mining
21:46 Heavy Plow
22:40 Hand Cart
24:03 Gold Shaft Mining
27:35 Imperial Age
25:50 Scale Barding Armor
25:56 Forging
26:02 Bloodlines
26:20 Stone Mining
27:33 Husbandry
27:54 Chain Barding Armor
28:11 Iron Casting
27:41 Cavalier
31:12 Plate Barding Armor
31:39 Blast Furnace
31:21 Fletching
32:26 Elite Tarkan
33:27 Conscription
35:35 Marauders
Tobi Cariad
10:37 Feudal Age
11:30 Town Watch
15:01 Castle Age
13:04 Horse Collar
13:28 Double-Bit Axe
15:53 Loom
17:28 Heavy Plow
18:51 Wheelbarrow
18:54 Bow Saw
24:07 Stone Mining
24:10 Gold Mining
26:42 Husbandry
26:53 Bloodlines
32:00 Imperial Age
29:59 Forging
29:56 Scale Barding Armor
31:46 Iron Casting
31:30 Hand Cart
32:12 Chain Barding Armor
31:34 Vendel Legacy
33:10 Conscription
34:22 Plate Barding Armor
34:47 Blast Furnace
35:10 Elite Jarl
36:14 Squires
36:17 Scale Mail Armor
35:49 Elite Varangian Guard
38:04 Guilds
38:11 Chain Mail Armor
38:25 Gothikon
40:35 Plate Mail Armor
40:53 Crop Rotation
41:12 Arson
42:03 Town Patrol
43:30 Two-Man Saw
42:56 Masonry
TheScRider
11:18 Feudal Age
15:25 Castle Age
14:29 Double-Bit Axe
16:41 Bow Saw
16:53 Loom
16:58 Town Watch
18:04 Horse Collar
27:56 Imperial Age
27:44 Chemistry
26:27 Pikeman
27:45 Heavy Plow
28:11 Scale Mail Armor
28:22 Forging
30:07 Arson
30:24 Squires
30:08 Halberdier
32:55 Siege Engineers
35:17 Conscription
36:05 Chain Mail Armor
39:21 Padded Archer Armor
39:52 Plate Mail Armor
39:57 Iron Casting
41:50 Fortified Wall
42:33 Leather Archer Armor
Okisan
10:18 Feudal Age
12:33 Loom
15:26 Castle Age
13:43 Double-Bit Axe
14:02 Horse Collar
17:35 Scale Mail Armor
21:42 Bow Saw
22:25 Arson
22:42 Squires
26:29 Heavy Plow
29:15 Wheelbarrow
29:55 Town Watch
31:57 Murder Holes
32:13 Masonry
35:27 Imperial Age
34:09 Ballistics
34:04 Stone Mining
35:35 Gold Mining
36:31 Conscription
37:09 Forging
37:15 Chain Mail Armor
37:58 Crop Rotation
37:04 Capped Ram
38:32 Siege Ram
39:44 Elite Serjeant
41:24 Hand Cart
42:35 Plate Mail Armor
42:40 Iron Casting
hello
9:22 Feudal Age
10:33 Double-Bit Axe
10:31 Horse Collar
16:42 Wheelbarrow
19:52 Castle Age
18:25 Gold Mining
18:26 Loom
19:41 Scale Barding Armor
20:23 Light Cavalry
21:41 Heavy Plow
21:53 Bow Saw
22:55 Bloodlines
24:27 Gold Shaft Mining
26:38 Chain Barding Armor
26:29 Forging
27:33 Hand Cart
28:16 Stone Mining
27:55 Capped Ram
31:33 Imperial Age
29:38 Fletching
30:28 Steppe Husbandry
31:53 Iron Casting
31:14 Bodkin Arrow
31:49 Padded Archer Armor
31:50 Scale Mail Armor
31:35 Hussar
33:09 Crop Rotation
34:03 Chemistry
34:56 Plate Barding Armor
35:21 Blast Furnace
35:38 Ballistics
36:45 Leather Archer Armor
36:43 Masonry
37:32 Conscription
39:22 Ring Archer Armor
blueberry
0:48 Loom
13:00 Feudal Age
18:34 Castle Age
27:19 Light Cavalry
28:00 Husbandry
33:00 Imperial Age
31:06 Wheelbarrow
30:17 Town Watch
31:29 Double-Bit Axe
31:39 Gold Mining
31:40 Stone Mining
32:04 Forging
31:59 Scale Barding Armor
34:16 Iron Casting
34:06 Chain Barding Armor
34:18 Cavalier
35:49 Paladin
42:24 Blast Furnace
Connection lost

Rejoining the realm…

Still unreachable

The connection could not be restored.

Session expired

The server has moved on; the page needs a fresh start.